 Dungeon Crawl Stone Soup version 0.27-a0-1359-ga2a4dfd6fd (webtiles) character file.

Game seed: 7668122979634456409

4 ABBCCCDDDD the Skirmisher (level 1, 0/19 HPs)
             Began as a Palentonga Fighter on June 28, 2021.
             Was a Follower of Dithmenos.
             Slain by a quokka (4 damage)
             ... on level 1 of the Dungeon.
             The game lasted 00:00:23 (88 turns).

ABBCCCDDDD the Skirmisher (Palentonga Fighter)        Turns: 88, Time: 00:00:24

Health: 0/19       AC:  6    Str: 19    XL:     1   Next: 58%
Magic:  1/1        EV:  5    Int:  8    God:    Dithmenos [*.....]
Gold:   0          SH:  8    Dex:  9    Spells: 0/0 levels left

rFire    . . .     SeeInvis +   a - +0 flail
rCold    . . .     Faith    .   c - +0 kite shield
rNeg     . . .     Spirit   .   b - +0 scale mail
rPois    .         Reflect  .   (no helmet)
rElec    .         Harm     .   (no cloak)
rCorr    .         Rampage  .   (no gloves)
Will     .....                  (no barding)
Stlth    ..........             (no amulet)
HPRegen  0.06/turn              (no ring)
MPRegen  0.07/turn              (no ring)

@: wreathed by umbra
A: large, rugged brown scales 3, see invisible, deformed body, roll 1, armoured
tail
a: Rolling Charge, Renounce Religion


You were on level 1 of the Dungeon.
You worshipped Dithmenos.
Dithmenos was aware of your devotion.
You visited 1 branch of the dungeon, and saw 1 of its levels.

Inventory:

Hand Weapons
 a - a +0 flail (weapon)
Armour
 b - a +0 scale mail (worn)
 c - a +0 kite shield (worn)
Potions
 d - a potion of might


   Skills:
 + Level 3.1 Fighting
 + Level 2.2 Maces & Flails
 - Level 2.4 Armour
 - Level 2.4 Shields


You couldn't memorise any spells.
You didn't know any spells.
Your spell library was empty.

Dungeon Overview and Level Annotations

Branches:
Dungeon (1/15)

Altars:
Dithmenos


Innate Abilities, Weirdness & Mutations

You are completely covered in rugged brown scales. (AC +3, +7% HP)
You have supernaturally acute eyesight. (SInv)
Armour fits poorly on your strangely shaped body.
You can roll at nearby foes to attack.
You have a long armoured tail.


Message History

You kill the quokka!
Dithmenos accepts your kill. You block the hobgoblin's attack.
You barely miss the hobgoblin.
The hobgoblin hits you but does no damage.
A rat comes into view.
You sock the hobgoblin!
You kill the hobgoblin!
Dithmenos accepts your kill.
A goblin comes into view. It is wielding a +0 dagger.
The gnoll hits you from afar with a +0 spear.
The goblin shouts!
The gnoll hits you with a +0 spear.
You see here a hobgoblin corpse.
You are too injured to fight recklessly!
You are too injured to fight recklessly!
The gnoll barely misses you.
A rat and a quokka come into view.
The quokka moves out of view.
You block the rat's attack.
Your shield and scale mail prevent you from hitting the rat.
The rat bites you but does no damage.
You thump the rat!
You kill the rat!
Dithmenos accepts your kill. The goblin barely misses you.
The gnoll hits you from afar with a +0 spear.
The quokka bites you. The goblin hits you but does no damage.
You hit the quokka.
Your tail-slap misses the quokka.
The quokka is lightly wounded.
The gnoll hits you from afar with a +0 spear.
* * * LOW HITPOINT WARNING * * *
The quokka barely misses you. The goblin hits you but does no damage.
You block the gnoll's attack. The quokka barely misses you.
You closely miss the quokka.
The quokka is lightly wounded.
The goblin hits you but does no damage. The quokka barely misses you.
You block the gnoll's attack. The goblin barely misses you.
The quokka bites you.
You die...

#..........#
######.###r###.##
##♣≈≈≈##.# #.###.#
#>.♣≈≈≈#.###†g##.###
###..♣♣♣#...†._g....###.#
#<....(.'.###...........#
###..♣♣♣### #####.#.#####
#..♣≈≈≈# #.gg........
##♣≈≈≈## #@##.####.##
##### #r##.# # #.##.#
.....# #.#### #.# #.# #.#


You could see a gnoll, a quokka and a goblin.

Vanquished Creatures
  A hobgoblin (D:1)
  A quokka (D:1)
  A frilled lizard (D:1)
  2 rats (D:1)
5 creatures vanquished.

Notes
Turn   | Place    | Note
-------+----------+-------------------------------------------
     0 | D:1      | ABBCCCDDDD the Palentonga Fighter began the quest for the
                  | Orb.
     0 | D:1      | Reached XP level 1. HP: 19/19 MP: 1/1
    17 | D:1      | Found a faded altar of an unknown god.
    30 | D:1      | Became a worshipper of Dithmenos the Shadowed
    30 | D:1      | Reached * piety under Dithmenos
    88 | D:1      | Slain by a quokka

Illustrated notes

Levels and vault maps discovered:
D:1:      saegor_arrival_simple_d, layout_loops_ring, basic_ecumenical_altar

Action                   || total
-------------------------++-------
Melee: Flail             ||    12
       Tailslap          ||     1
Armor: Scale mail        ||     7
Dodge: Dodged            ||     6
Block: Kite shield       ||     6

Table legend: (Time is in decaauts)
 A = Elapsed time spent in this place.
 B = Non-inter-level travel time spent in this place.
 C = Inter-level travel time spent in this place.
 D = Time resting spent in this place.
 E = Time spent auto-exploring this place.
 F = Levels seen in this place.
 G = Mean time per level.
                   A        B        C        D        E       F      G
               +--------+--------+--------+--------+--------+-----+--------+
         Total |     94 |     94 |      0 |      0 |     50 |   1 |   94.0 |
       Dungeon |     94 |     94 |      0 |      0 |     50 |   1 |   94.0 |
               +--------+--------+--------+--------+--------+-----+--------+

Top non-repeatable levels by time:
     D:1: 94 daAuts
